 Dungeon Crawl Stone Soup version 0.20.0-7-g3b7b877 (webtiles) character file.

93 MTVSty1e the Ruffian (level 4, 0/38 HPs)
             Began as a Draconian Transmuter on May 29, 2017.
             Slain by buskinjo's ghost (11 damage)
             ... on level 4 of the Dungeon.
             The game lasted 00:06:01 (2386 turns).

MTVSty1e the Ruffian (Draconian Transmuter)         Turns: 2386, Time: 00:06:01

Health: 0/38       AC:  5    Str: 13    XL:     4   Next: 36%
Magic:  1/7        EV: 11    Int: 14    God:
Gold:   77         SH:  5    Dex: 11    Spells: 4/7 levels left

rFire    . . .     SeeInvis .     - Unarmed
rCold    . . .     Gourm    .   q - +2 buckler
rNeg     . . .     Faith    .   (armour unavailable)
rPois    .         Spirit   .   (helmet restricted)
rElec    .         Reflect  .   (no cloak)
rCorr    .         Harm     .   (no gloves)
MR       .....                  (no boots)
Stlth    +.........             (no amulet)
Regen    0.2/turn               (no ring)
MPRegen  0.1/turn               (no ring)

@: appendage (expiring)
A: unfitting armour, horns 2, cold-blooded, AC +5
a: End Transformation


You were on level 4 of the Dungeon.
You were not hungry.
You had grown temporary horns.
You visited 1 branch of the dungeon, and saw 5 of its levels.

You collected 77 gold pieces.

Inventory:

Missiles
 a - 17 arrows
Armour
 q - a +2 buckler (worn)
Wands
 s - a wand of iceblast (7/15)
Scrolls
 d - 2 scrolls of enchant weapon {unknown}
 f - 2 scrolls of immolation {unknown}
 h - a scroll of magic mapping {unknown}
 i - a scroll of fear {unknown}
 j - a scroll of amnesia {unknown}
 k - a scroll of recharging {unknown}
 m - a scroll of teleportation {unknown}
 n - a scroll of blinking {unknown}
 o - a scroll of fog {unknown}
Potions
 e - a potion of cancellation {unknown}
 g - a potion of brilliance {unknown}
 l - a potion of degeneration {unknown}
 r - a potion of flight {unknown}
Books
 b - a book of Changes

   Spells                             Type                      Level
   a - Beastly Appendage              Transmutation                1
   b - Sticks to Snakes               Transmutation                2
   c - Spider Form                    Transmutation/Poison         3
   d - Ice Form                       Ice/Transmutation            4
   e - Blade Hands                    Transmutation                5
 p - a book of Maledictions

   Spells                             Type                      Level
   a - Corona                         Hexes                        1
   b - Ensorcelled Hibernation        Hexes/Ice                    2
   c - Confuse                        Hexes                        3
   d - Tukima's Dance                 Hexes                        3
   e - Dazzling Spray                 Conjuration/Hexes            3
Comestibles
 c - 2 bread rations


   Skills:
 * Level 3.4 Fighting
 - Level 1.7 Dodging
 * Level 0.2 Shields
 + Level 4.1 Unarmed Combat
 - Level 2.0 Spellcasting
 - Level 2.0 Transmutations


You had 4 spell levels left.
You knew the following spells:

 Your Spells              Type           Power        Failure   Level  Hunger
a - Beastly Appendage     Tmut           #.....       17%         1    ##.....
b - Sticks to Snakes      Tmut           #.......     26%         2    ###....


Dungeon Overview and Level Annotations

Branches:
Dungeon (5/15)
 Temple: D:4-7

Altars:
Ashenzari

Annotations:
D:4 buskinjo's ghost, amateur DsFi


Innate Abilities, Weirdness & Mutations

Your plain brown scales are hard. (AC +5)
You cannot fit into any form of body armour.
You are cold-blooded and may be slowed by cold attacks.
You have a pair of horns on your head.


Message History

The jackal bites you but does no damage.
Buskinjo's ghost hits you.
* * * LOW HITPOINT WARNING * * *
You punch the jackal!
You kill the jackal!
You closely miss the jackal. Your headbutt misses the jackal.
Your transformation is almost over.
You block buskinjo's ghost's attack.
The jackal bites you but does no damage.
Unknown command.
Casting: Beastly Appendage
Confirm with . or Enter, or press ? or * to list all spells.
You create a snake!
You now have 18 arrows.
The jackal bites you but does no damage.
Buskinjo's ghost hits you but does no damage.
Casting: Sticks to Snakes
Confirm with . or Enter, or press ? or * to list all spells.
You create a snake!
You now have 17 arrows.
The jackal closely misses you. Buskinjo's ghost hits you!
You die...

#. #...######
#>.hhh@..#
#.#####WS######
#..SO).....
#.#.#.#####
#.#.#..# #
.###.#.##.####.#.#
#.................
...##.#$#.S...#.#.#
#.#.#.#.#.#.#.# .


You could see an ogre, buskinjo's ghost, 3 jackals, a friendly adder and a
friendly ball python.

Vanquished Creatures
  2 adders (D:3)
  A worm (D:3)
  2 dart slugs (D:1)
  3 leopard geckos
  An orc (D:3)
  A ball python (D:1)
  5 bats (D:1)
  2 giant cockroaches
  8 goblins
  8 hobgoblins
  5 jackals
  2 quokkas (D:3)
  5 frilled lizards
  8 kobolds
  5 rats
58 creatures vanquished.

Notes
Turn   | Place    | Note
-------+----------+-------------------------------------------
     0 | D:1      | MTVSty1e the Draconian Transmuter began the quest for the Orb.
     0 | D:1      | Reached XP level 1. HP: 16/16 MP: 3/3
   234 | D:1      | Reached XP level 2. HP: 23/24 MP: 3/5
   457 | D:1      | Learned a level 2 spell: Sticks to Snakes
   489 | D:1      | Reached XP level 3. HP: 8/30 MP: 4/6
  1592 | D:2      | You fall through a shaft!
  1593 | D:3      | Found a shattered altar of Ashenzari.
  1756 | D:3      | Reached skill level 4 in Unarmed Combat
  1971 | D:3      | Reached XP level 4. HP: 38/38 MP: 5/7
  2333 | D:3      | You fall through a shaft for 2 floors!
  2333 | D:5      | Entered Level 5 of the Dungeon
  2343 | D:4      | Noticed buskinjo's ghost (amateur DsFi)
  2363 | D:4      | Noticed an ogre
  2386 | D:4      | Slain by buskinjo's ghost

Skill      XL: |  1  2  3 |
---------------+----------+-----
Fighting       | 2 3 |  3.4
Unarmed Combat | 4 |  4.1
Dodging        | |  1.7
Shields        | |  0.2
Spellcasting   | |  2.0
Transmutations | |  2.0

Action                   |  1- 3 |  4- 6 || total
-------------------------+-------+-------++-------
Melee: Unarmed           |   153 |    45 ||   198
       Kick              |    10 |     1 ||    11
       Tailslap          |    11 |     9 ||    20
       Headbutt          |     6 |     2 ||     8
       Punch             |     1 |       ||     1
 Cast: Beastly Appendage |    26 |     7 ||    33
       Sticks to Snakes  |       |     4 ||     4
  Eat: Bread ration      |     1 |       ||     1
       Meat ration       |       |     1 ||     1
Armor: Skin              |    54 |    14 ||    68
Dodge: Dodged            |   103 |    28 ||   131
Block: Buckler           |       |     4 ||     4
